Map: 2000 Atmospheres LE

Players

TeebuL - Winner!

  • Race: Protoss Protoss

RiSky

  • Race: Zerg Zerg
  • League: Master

Event: DreamHack SC2 Masters 2021 Summer

VOD

Have the link to the VOD?

Description

Time

  • Played on: May 19, 2021, 5:47 a.m.
  • Length: 7:54

All games in this series

Show
View Real Time Build Order
Export as new Build Order

TeebuL Protoss - Winner!

Build Orders: 1 Gate Expand 

Get SALT Encoding   

  12  0:00  Probe  
  13  0:12  Probe  
  14  0:19  Pylon  
  14  0:24  Probe  
  15  0:37  Probe (Chrono Boost)  
  15  0:40  Gateway  
  16  0:46  Probe (Chrono Boost)  
  17  0:51  Probe (Chrono Boost)  
  17  0:55  Assimilator  
  18  1:03  Probe  
  19  1:15  Probe  
  20  1:26  Nexus  
  20  1:37  Cybernetics Core  
  20  1:40  Probe  
  20  1:45  Assimilator  
  21  1:52  Probe  
  22  1:56  Pylon  
  22  2:04  Probe  
  23  2:11  Adept (Chrono Boost)  
  23  2:12  Probe  
  25  2:20  Probe  
  25  2:21  Stargate  
  27  2:31  Probe (Chrono Boost)  
  27  2:33  Adept  
  27  2:36  Warp Gate  
  30  2:40  Probe (Chrono Boost)  
  32  2:49  Probe (Chrono Boost)  
  32  2:51  Probe (Chrono Boost)  
  33  2:55  Probe (Chrono Boost)  
  33  2:56  Probe (Chrono Boost)  
  33  2:57  Void Ray (Chrono Boost)  
  35  3:06  Probe  
  35  3:07  Probe  
  41  3:13  Pylon  
  41  3:18  Probe  
  42  3:20  Probe  
  42  3:21  Gateway  
  43  3:30  Probe  
  43  3:32  Probe  
  43  3:33  Void Ray  
  49  3:42  Probe  
  49  3:45  Probe  
  51  3:58  Probe, Nexus  
  51  4:02  Probe  
  50  4:06  Twilight Council  
  50  4:10  Probe  
  50  4:13  Pylon  
  50  4:14  Probe  
  50  4:15  Gateway  
  52  4:19  Gateway  
  52  4:22  Probe  
  53  4:29  Pylon  
  53  4:31  Probe  
  54  4:33  Adept  
  54  4:34  Adept  
  58  4:38  Shield Battery  
  58  4:39  Probe, Assimilator  
  58  4:40  Resonating Glaives (Chrono Boost)  
  58  4:41  Assimilator  
  59  4:46  Probe  
  59  4:52  Pylon  
  60  4:54  Adept x2  
  64  5:02  Probe  
  64  5:03  Probe  
  66  5:10  Adept  
  66  5:11  Probe  
  66  5:13  Adept  
  66  5:14  Probe, Pylon, Adept  
  71  5:15  Adept  
  76  5:22  Probe  
  76  5:25  Probe  
  78  5:34  Probe, Adept x3  
  85  5:38  Probe x2  
  85  5:41  Pylon  
  88  5:50  Dark Shrine  
  88  5:52  Shield Battery  
  88  5:54  Pylon, Shield Battery, Stalker x2  
  91  6:01  Stalker x2  
  91  6:03  Shield Battery  
  95  6:21  Stalker x2  
  85  6:36  Probe  
  85  6:37  Stalker x2  
  85  6:39  Probe  
  89  6:52  Probe x2  
  87  6:54  Shield Battery  
  87  6:57  Pylon  
  79  7:03  Dark Templar x4  
  87  7:11  Probe  
  90  7:17  Robotics Facility  
  88  7:31  Dark Templar x2  
  91  7:37  Sentry  
Show
View Real Time Build Order
Export as new Build Order

RiSky Zerg 

Build Orders: Hatch First 

Get SALT Encoding   

  12  0:00  Drone  
  13  0:12  Overlord  
  13  0:16  Drone  
  14  0:30  Drone x2  
  16  0:48  Hatchery  
  15  0:51  Drone  
  15  0:55  Drone  
  17  0:58  Drone  
  18  1:09  Extractor  
  17  1:13  Spawning Pool  
  17  1:17  Drone  
  17  1:19  Drone  
  18  1:28  Drone  
  19  1:40  Overlord  
  19  1:50  Drone  
  20  2:00  Queen x2  
  20  2:01  Zergling x4  
  26  2:10  Drone  
  26  2:11  Drone  
  26  2:12  Metabolic Boost  
  28  2:22  Drone x2  
  30  2:31  Drone  
  31  2:41  Hatchery  
  30  2:46  Queen  
  30  2:48  Drone  
  33  2:56  Overlord  
  33  2:58  Drone x2  
  35  3:07  Zergling x2  
  36  3:15  Drone x5  
  36  3:16  Drone  
  42  3:23  Queen  
  44  3:27  Overlord  
  44  3:44  Overlord x2  
  44  3:52  Queen  
  44  3:54  Drone  
  44  3:55  Drone x3  
  49  3:56  Spore Crawler  
  49  3:57  Spore Crawler  
  49  4:01  Queen x2  
  50  4:06  Roach Warren  
  50  4:08  Drone  
  50  4:14  Drone x3  
  50  4:15  Drone  
  54  4:19  Extractor x2  
  54  4:22  Drone x3, Extractor  
  55  4:26  Drone x2  
  57  4:31  Drone  
  57  4:34  Overlord  
  57  4:37  Drone x2  
  60  4:40  Queen  
  60  4:43  Overlord  
  62  4:48  Overlord  
  62  4:51  Queen  
  64  5:03  Roach x6  
  64  5:06  Roach  
  77  5:10  Roach x2  
  81  5:15  Roach x2  
  87  5:23  Overlord x2  
  85  5:31  Zergling x10  
  90  5:40  Queen, Overlord x2  
  90  5:42  Zergling x6  
  95  5:45  Zergling x2  
  95  5:47  Zergling x4  
  95  5:49  Zergling x2  
  99  5:54  Ravager x6  
  99  5:56  Zergling x2  
  106  6:03  Zergling x2  
  106  6:04  Zergling x12  
  108  6:13  Zergling x6  
  108  6:22  Zergling x2  
  108  6:23  Zergling x6  
  103  6:28  Zergling x2  
  103  6:29  Zergling x2  
  97  6:33  Ravager x2  
  95  6:43  Zergling x8  
  97  6:55  Zergling x2  
  97  6:56  Zergling x6  
  97  6:58  Zergling x2  
  97  6:59  Zergling x2  
  102  7:07  Zergling x4  
  100  7:09  Roach  
  100  7:10  Queen  
  104  7:18  Roach x2  
  104  7:21  Drone  
  109  7:27  Ravager x2  
  109  7:28  Drone x2  
  113  7:34  Drone  
Tags
 
Add a new tag
Caveats
  • Supply blocks, unpowered buildings, or Contaminate may cause inaccurate times.
  • Supply counts are checked every 10 seconds.